 Dungeon Crawl Stone Soup version 0.31-a0-455-g1a7b003ef0 (webtiles) character file.

Game seed: 6783770728894562388

219 kae the Changeling (level 5, -1/48 HPs)
             Began as a Naga Shapeshifter on Aug 3, 2023.
             Shot with a sling bullet by a goblin (6 damage)
             ... led by Robin
             ... on level 3 of the Dungeon.
             The game lasted 00:02:23 (2168 turns).

kae the Changeling (Naga Shapeshifter)              Turns: 2168, Time: 00:02:24

Health: -1/48      AC:  2    Str: 17    XL:     5   Next: 96%
Magic:  5/5        EV: 10    Int:  9    God:
Gold:   133        SH:  0    Dex: 13    Spells: 4/4 levels left

rFire   . .          .
                       - Unarmed
rCold   . . .        (no shield)
rNeg    . . .        a - +0 animal skin
rPois   +            (helmet currently unavailable)
rElec   .            (cloak currently unavailable)
rCorr   .            (gloves currently unavailable)
SInv    +            (no barding)
Will    .....        (no amulet)
Stlth   +            (no ring)
HPRegen 0.28/turn    (no ring)
MPRegen 0.09/turn

%: no passive effects
@: short of breath, beast-form, very slow
A: beast (slay +3), AC +1, large, see invisible, deformed body, poison
resistance, slowness 2, spit poison 1, naga tail 1
a: Spit Poison, Begin Untransformation


You were on level 3 of the Dungeon.
You were a hulking beast.
You visited 1 branch of the dungeon, and saw 3 of its levels.

You collected 133 gold pieces.


Innate Abilities, Weirdness & Mutations

You are a hulking beast.
Your limbs bulge with bestial killing power. (Slay +3)
Your serpentine skin is tough. (AC +1)
You have supernaturally acute eyesight. (SInv)
Armour fits poorly on your strangely shaped body.
Your system is resistant to poisons. (rPois)
You cover ground very slowly.
You can spit poison.
You have a snake-like lower body.


   Skills:
 + Level 2.8 Fighting
 - Level 2.0 Dodging
 + Level 4.0 Unarmed Combat
 * Level 4.3 Shapeshifting


You had 4 spell levels left.
You didn't know any spells.
Your spell library was empty.

Inventory:

Missiles
 g - 22 stones
Armour
 a - a +0 animal skin (worn)
Jewellery
 Z - a ring of wizardry
   (You found it on level 1 of the Dungeon)
Talismans
 c - a beast talisman (active)
Scrolls
 b - a scroll of teleportation {unknown}
 h - 3 scrolls of immolation {unknown}
 i - a scroll of fog {unknown}
 j - 2 scrolls of enchant weapon {unknown}
 k - 2 scrolls of identify {@r1}
 l - a scroll of amnesia {unknown}
Potions
 d - a potion of curing {unknown}
 e - a potion of enlightenment {unknown}
 f - 2 potions of brilliance {unknown}
 m - a potion of haste {unknown}

Dungeon Overview and Level Annotations

Branches:
Dungeon (3/15) Zot: 15314

Altars:

Annotations:
D:2 1 runed translucent door, Crazy Yiuf

....## #.... #....#
#.<.. #....# .# ##...
.gg####....#...# #....
.ggggg.))†...... #..##
########.###########....
#g.# ##..##.....## #
#)## #...#........
##.####h####.#...#....##
#........#............##
#.#...................##
#....#................##
######.##..#......†..>..
...##.##............
..#####...>.........##
## ####.........##
########..#


You could see a goblin.


Message History

You take 1 damage, and now have 31/46 hp.
You closely miss the kobold. The bat closely misses you.
The kobold hits you with a +0 short sword. 😮 HP[-3]
You take 3 damage, and now have 28/46 hp.
You completely miss the kobold.
The kobold hits you with a +0 short sword. 😮 HP[-1]
You take 1 damage, and now have 27/46 hp.
You punch the bat!
You kill the bat!
The kobold hits you with a +0 short sword. 😮 HP[-1]
You take 1 damage, and now have 26/46 hp.
You barely miss the kobold. You hit the kobold.
You kill the kobold!
A goblin comes into view. It is wielding a +0 club. 😮 HP[+1]
You now have 48 max hp (+2).
Aiming: Spit Poison (1% risk of failure)
Press: ? - help, Shift-Dir - straight line, f - goblin
Aim: a goblin, wielding a +0 dagger (50% to hit)
The splash of poison hits the goblin!
You kill the goblin!
A goblin comes into view. It is wielding a +0 club.
The goblin shouts!
The hobgoblin hits you but does no damage.
A goblin comes into view. It is wielding a +0 dagger. x2
You see here a +0 dagger. 😮 HP[+1]
A goblin comes into view. It is wielding a +0 club.
You have got your breath back.
The goblin shouts!
The hobgoblin hits you.
* * * LOW HITPOINT WARNING * * *
A hobgoblin comes into view.
A goblin comes into view. It is wielding a +0 club.
Things that are here:
a +0 short sword; 5 gold pieces; a kobold corpse 😨 HP[-4]
You take 4 damage, and now have 24/48 hp.
You barely miss the hobgoblin.
The goblin shouts!
The hobgoblin shouts!
The hobgoblin hits you but does no damage. 😮 HP[+1]
The goblin shouts!
You hit the hobgoblin. The hobgoblin barely misses you.
You hit the hobgoblin.
You kill the hobgoblin!
A goblin comes into view. It is wielding a +0 dagger.
The goblin unwields a +0 club.
The goblin wields a +0 sling.
The goblin shoots a sling bullet.
The sling bullet barely misses you. The goblin hits you with a +0 club.
* * * LOW HITPOINT WARNING * * *
The goblin shouts! 😨 HP[-4]
You take 4 damage, and now have 21/48 hp.
The goblin shoots a sling bullet.
The sling bullet hits you.
* * * LOW HITPOINT WARNING * * *
😨 HP[-3]
You take 3 damage, and now have 18/48 hp.
The goblin closely misses you. 😨 HP[+1]
You hit the goblin. The goblin closely misses you.
You closely miss the goblin.
The goblin shoots a sling bullet.
The sling bullet hits you.
* * * LOW HITPOINT WARNING * * *
The goblin hits you with a +0 club.
* * * LOW HITPOINT WARNING * * *
You hear a shout! 😨 HP[-6]
You take 6 damage, and now have 13/48 hp.
You barely miss the goblin.
The goblin unwields a +0 dagger.
The goblin wields a +0 sling.
The goblin shoots a sling bullet.
The sling bullet hits you.
* * * LOW HITPOINT WARNING * * *
The goblin hits you but does no damage. 😱 HP[-4]
You take 4 damage, and now have 9/48 hp.
You hit the goblin.
You kill the goblin!
The goblin shoots a sling bullet.
The sling bullet hits you.
* * * LOW HITPOINT WARNING * * *
😱 HP[-5]
You take 5 damage, and now have 4/48 hp.
Unknown command.
Unknown command.
Aiming: Spit Poison (1% risk of failure)
Press: ? - help, Shift-Dir - straight line, f - goblin
Aim: a goblin, wielding a +0 sling (50% to hit)
The splash of poison hits the goblin!
You kill the goblin!
You hit the goblin.
You kill the goblin! 😱 HP[+1]
You punch the hobgoblin!
You kill the hobgoblin!
The goblin shoots a sling bullet.
The sling bullet hits you.
You die...

Skill      XL: |  1  2  3  4  5 |
---------------+----------------+-----
Dodging        | 2 |  2.0
Fighting       | 2 |  2.8
Shapeshifting  | 4 |  4.3
Unarmed Combat | 4 |  4.0

Action                     |  1- 3 |  4- 6 || total
---------------------------+-------+-------++-------
  Melee: Unarmed           |    51 |    94 ||   145
         Punch             |     1 |     4 ||     5
Ability: Spit Poison       |    19 |    16 ||    35
    Use: Scroll            |     1 |     1 ||     2
         Potion            |       |     2 ||     2
 Armour: Animal skin       |    11 |    17 ||    28
         Skin              |       |    18 ||    18
  Dodge: Dodged            |    20 |    59 ||    79

Levels and vault maps discovered:
D:1:      dpeg_arrival_boxorama, layout_rooms
D:2:      kennysheep_the_goblin_king, layout_basic, uniq_crazy_yiuf_cottage,
          uniq_natasha
D:3:      minmay_recursive_quarters, layout_rooms, uniq_robin

Notes
Turn   | Place    | Note
-------+----------+-------------------------------------------
     0 | D:1      | kae the Naga Shapeshifter began the quest for the Orb.
     0 | D:1      | Reached XP level 1. HP: 18/18 MP: 1/1
     0 | D:1      | magus.rc [v1.11.3]
   115 | D:1      | Reached XP level 2. HP: 18/25 MP: 2/2
   528 | D:1      | Reached XP level 3. HP: 31/31 MP: 3/3
   815 | D:2      | Reached skill level 2 in Dodging
   963 | D:2      | Reached XP level 4. HP: 39/39 MP: 4/4
  1079 | D:2      | Reached skill level 2 in Fighting
  1079 | D:2      | HP: 14/58 [gnoll/+0 spear (6)]
  1081 | D:2      | HP: 5/58 [gnoll/+0 spear (6)]
  1352 | D:2      | Noticed Natasha
  1359 | D:2      | Killed Natasha
  1360 | D:2      | Reached skill level 4 in Shapeshifting
  1360 | D:2      | Reached XP level 5. HP: 30/46 MP: 5/5
  1490 | D:2      | Found a runed translucent door.
  1491 | D:2      | Noticed Crazy Yiuf
  1578 | D:2      | Noticed Natasha
  1585 | D:2      | Killed Natasha
  1769 | D:2      | Noticed Natasha
  1774 | D:2      | Killed Natasha
  2140 | D:3      | Reached skill level 4 in Unarmed Combat
  2162 | D:3      | HP: 9/48 [goblin/sling bullet[Robin] (4)]
  2164 | D:3      | HP: 4/48 [goblin/sling bullet[Robin] (6)]
  2168 | D:3      | Shot with a sling bullet by a goblin

Vanquished Creatures
  Natasha (thrice) (D:2)
  4 gnolls (D:2)
  3 adders (D:2)
  An ufetubus (D:3)
  3 dart slugs
  4 orcs (D:2)
  7 ball pythons
  5 bats
  7 endoplasms
  2 giant cockroaches (D:1)
  7 hobgoblins
  2 kobolds
  4 frilled lizards
  12 goblins
  2 rats
66 creatures vanquished.

Table legend:
 A = Non-vault XP
 B = Vault XP
 C = Vault XP percentage of total XP
 D = Non-vault monster count
 E = Vault monster count
 F = Vault count percentage of total count
                 A         B        C        D         E       F
            +---------+---------+-------+---------+---------+-------
      Total |     243 |      73 |  23.1 |      48 |      18 |  27.3
            +---------+---------+-------+---------+---------+-------
        D:1 |      37 |       0 |   0.0 |      20 |       0 |   0.0
        D:2 |     192 |      48 |  20.0 |      21 |       8 |  27.6
        D:3 |      14 |      25 |  64.1 |       7 |      10 |  58.8
            +---------+---------+-------+---------+---------+-------

Skill      XL: |  1  2  3  4  5 |
---------------+----------------+-----
Dodging        | 2 |  2.0
Fighting       | 2 |  2.8
Shapeshifting  | 4 |  4.3
Unarmed Combat | 4 |  4.0

Action                     |  1- 3 |  4- 6 || total
---------------------------+-------+-------++-------
  Melee: Unarmed           |    51 |    94 ||   145
         Punch             |     1 |     4 ||     5
Ability: Spit Poison       |    19 |    16 ||    35
    Use: Scroll            |     1 |     1 ||     2
         Potion            |       |     2 ||     2
 Armour: Animal skin       |    11 |    17 ||    28
         Skin              |       |    18 ||    18
  Dodge: Dodged            |    20 |    59 ||    79

Illustrated notes

Table legend:
 A = Kills in this place as a percentage of kills in the entire game.
 B = Kills by you in this place as a percentage of kills by you in the entire game.
 C = Kills by friends in this place as a percentage of kills by friends in the entire game.
 D = Other kills in this place as a percentage of other kills in the entire game.
 E = Experience gained in this place as a percentage of experience gained in the entire game.
 F = Experience gained in this place divided by the number of levels of this place that you have seen.
                   A       B       C       D       E      F
               +-------+-------+-------+-------+-------+----------------------
         Total | 100.0 | 100.0 |   N/A |   N/A | 100.0 | 105.3
       Dungeon | 100.0 | 100.0 |   N/A |   N/A | 100.0 | 105.3
               +-------+-------+-------+-------+-------+----------------------

Table legend: (Time is in decaauts)
 A = Elapsed time spent in this place.
 B = Non-inter-level travel time spent in this place.
 C = Inter-level travel time spent in this place.
 D = Time resting spent in this place.
 E = Time spent auto-exploring this place.
 F = Levels seen in this place.
 G = Mean time per level.
                   A        B        C        D        E       F      G
               +--------+--------+--------+--------+--------+-----+--------+
         Total |   2684 |   2549 |    135 |     99 |   2009 |   3 |  894.7 |
       Dungeon |   2684 |   2549 |    135 |     99 |   2009 |   3 |  894.7 |
               +--------+--------+--------+--------+--------+-----+--------+

Top non-repeatable levels by time:
     D:2: 1632 daAuts
     D:1: 887 daAuts
     D:3: 164 daAuts
